 Dungeon Crawl Stone Soup version 0.28-a0-1184-g53156a8862 (webtiles) character file.

Game seed: 14985646504910993338

32 Snarg the Charlatan (level 2, -1/24 HPs)
             Began as a Demigod Wanderer on Dec 18, 2021.
             Slain by a goblin (2 damage)
             ... on level 2 of the Dungeon.
             The game lasted 00:03:18 (973 turns).

Snarg the Charlatan (Demigod Wanderer)               Turns: 973, Time: 00:03:19

Health: -1/24      AC:  3    Str: 16    XL:     2   Next: 93%
Magic:  4/4        EV: 11    Int: 14    God:
Gold:   46         SH:  0    Dex: 10    Spells: 1/1 levels left

rFire   . . .      SeeInvis .   a - +2 hand axe
rCold   . . .      Faith    .   (no shield)
rNeg    . . .      Spirit   .   e - +0 leather armour
rPois   .          Reflect  .   (no helmet)
rElec   .          Harm     .   (no cloak)
rCorr   .          Rampage  .   (no gloves)
Will    .....                   (no boots)
Stlth   +.........              (no amulet)
HPRegen 0.08/turn               (no ring)
MPRegen 0.09/turn               (no ring)

@: no status effects
A: high mp 1, forlorn, divine attributes
a: no special abilities


You were on level 2 of the Dungeon.
You visited 1 branch of the dungeon, and saw 2 of its levels.

You collected 46 gold pieces.

Inventory:

Hand Weapons
 a - a +2 hand axe (weapon)
 b - a +0 shortbow
 f - a +0 whip
 g - a +1 dagger of venom
Missiles
 c - 28 arrows
 l - 3 boomerangs
Armour
 e - a +0 leather armour (worn)
Wands
 d - a wand of flame (4) (quivered)
Scrolls
 j - a scroll of amnesia {unknown}
 k - a scroll of fear {unknown}
Potions
 h - a potion of heal wounds {unknown}
 i - a potion of curing {unknown}


   Skills:
 + Level 1.8 Fighting
 + Level 3.1 Axes
 + Level 1.0 Bows
 + Level 1.0 Armour
 * Level 0.4 Stealth
 - Level 4.0 Evocations


You had one spell level left.
You didn't know any spells.
Your spell library was empty.

Dungeon Overview and Level Annotations

Branches:
Dungeon (2/15)

Shops:
D:1 :

Annotations:
D:1 clr


Innate Abilities, Weirdness & Mutations

You have an increased reservoir of magic. (+10% MP)
You shall have no god before yourself.
Your divine heritage dramatically boosts your attributes as you level up.


Message History

You slash the worm!
The worm is heavily wounded.
The worm bites you!
A hobgoblin comes into view.
The hobgoblin shouts!
A hobgoblin comes into view.
Found a brown potion.
A goblin comes into view. It is wielding a +0 club.
The goblin shouts!
The hobgoblin misses you.
The goblin unwields a +0 club.
The goblin wields a +0 hunting sling.
The goblin shoots a stone.
The stone hits you.
The goblin shoots a stone.
The stone barely misses you.
The goblin shoots a stone.
The stone barely misses you.
The goblin shoots a stone.
The stone hits you. The hobgoblin closely misses you.
The goblin shoots a stone.
The stone misses you.
The goblin shoots a stone.
The stone hits you.
* * * LOW HITPOINT WARNING * * *
Found 16 gold pieces.
You hit the hobgoblin.
The hobgoblin is severely wounded.
The hobgoblin hits you but does no damage.
You barely miss the hobgoblin.
The hobgoblin is severely wounded.
The hobgoblin closely misses you.
You closely miss the hobgoblin.
The hobgoblin is severely wounded.
The hobgoblin barely misses you. The hobgoblin hits you.
* * * LOW HITPOINT WARNING * * *
You hit the hobgoblin.
You kill the hobgoblin!
The goblin shoots a stone.
The stone closely misses you.
The goblin unwields a +0 hunting sling.
The goblin wields a +0 club.
The goblin closely misses you.
You closely miss the goblin. The goblin hits you with a +0 club.
* * * LOW HITPOINT WARNING * * *
You closely miss the goblin. The goblin hits you but does no damage.
The goblin hits you with a +0 club.
You die...

### #..####
#####$......
#wg@..# ##.
#.##### ... #.#
###.# ##.#####!..#
.. #........# ..g
#........# #..#
#.......>####..#
........w.........
..........w.#..###


You could see a worm and a goblin.

Vanquished Creatures
  An adder (D:2)
  2 endoplasms (D:1)
  A giant cockroach (D:1)
  5 goblins (D:1)
  4 hobgoblins
  2 ball pythons (D:1)
  4 bats
  A rat (D:1)
20 creatures vanquished.

Notes
Turn   | Place    | Note
-------+----------+-------------------------------------------
     0 | D:1      | Snarg the Demigod Wanderer began the quest for the Orb.
     0 | D:1      | Snarg set off with the following items: a +2 hand axe, a +0
                  | shortbow, 28 arrows, a wand of flame (4), a +0 leather
                  | armour
     0 | D:1      | Reached XP level 1. HP: 17/17 MP: 3/3
    48 | D:1      | Found Qavum's Book Shop.
   289 | D:1      | Reached XP level 2. HP: 23/24 MP: 4/4
   935 | D:2      | Reached skill level 1 in Armour
   937 | D:2      | Reached skill level 4 in Evocations
   972 | D:2      | HP: 1/24 [goblin (4)]
   973 | D:2      | Slain by a goblin

Illustrated notes

Levels and vault maps discovered:
D:1:      lightli_arrival_noodles, layout_basic,
          shapermc_ecumenical_altar_totnotflames, serial_shops, shop,
          minmay_tall_x
D:2:      layout_rooms, minmay_door_square

Skill      XL: |  1  2 |
---------------+-------+-----
Axes           | 3 |  3.1
Armour         | 1 |  1.0
Evocations     | 4 |  4.0
Fighting       | |  1.8
Bows           | |  1.0
Stealth        | |  0.4

Action                   || total
-------------------------++-------
Melee: Hand axe          ||    57
Throw: Boomerang         ||     2
Armor: Leather armour    ||    23
Dodge: Dodged            ||    44

Table legend: (Time is in decaauts)
 A = Elapsed time spent in this place.
 B = Non-inter-level travel time spent in this place.
 C = Inter-level travel time spent in this place.
 D = Time resting spent in this place.
 E = Time spent auto-exploring this place.
 F = Levels seen in this place.
 G = Mean time per level.
                   A        B        C        D        E       F      G
               +--------+--------+--------+--------+--------+-----+--------+
         Total |    982 |    960 |     22 |      0 |    796 |   2 |  491.0 |
       Dungeon |    982 |    960 |     22 |      0 |    796 |   2 |  491.0 |
               +--------+--------+--------+--------+--------+-----+--------+

Top non-repeatable levels by time:
     D:1: 936 daAuts
     D:2: 46 daAuts
